AoeStats
← LM | TornardoBriese

Nomad

505531518Analyzed
4v4 RM · 23d ago on Sep 9, 2026· 29m 54s· 8 players
Game mode
Random Map
Map size
231×231
Population
200
Speed
Normal
Resources
Standard
Victory
Conquest
Starting age
Dark Age
Ending age
Imperial Age
RankedLock teamsTeams togetherTeam positionsShared explorationLock speedFull tech treeHidden civsTurbo modeCheats
Victory
Defeat
🇩🇪 Franks · Germany
2259
+1
🇩🇪 Khitans · Germany
2204
+2
🇩🇪 Mongols · Germany
2160
+2
🇩🇪 Gurjaras · Germany
2053
+3
🇩🇪 Burmese · Germany
1785
-3
🇩🇪 Bulgarians · Germany
1723
-2
🇩🇪 Jurchens · Germany
1720
-2
🇨🇭 Khmer · Switzerland
1510
-1
LM | TornardoBriese
4:39 Loom
13:06 Feudal Age
16:30 Castle Age
19:22 Fletching
Brudiiii
4:54 Loom
13:09 Feudal Age
16:50 Castle Age
14:43 Fishing Lines
15:13 Double-Bit Axe
17:41 Medium Warships
17:42 Bow Saw
17:56 Forging
19:15 Gold Mining
21:30 Horse Collar
25:23 Wheelbarrow
28:47 Stone Mining
28:59 Heavy Plow
LM \ Molle
4:33 Loom
13:52 Feudal Age
14:02 Feudal Age
15:29 Double-Bit Axe
17:48 Castle Age
16:50 Fishing Lines
18:53 Medium Warships
18:55 Bow Saw
21:39 Wheelbarrow
21:34 Horse Collar
25:14 Town Watch
26:46 Hand Cart
LM | MaggieWuerze
13:28 Feudal Age
14:01 Loom
14:54 Fishing Lines
19:21 Castle Age
18:37 Gold Mining
20:17 Medium Warships
20:20 Padded Archer Armor
20:40 Gillnets
24:12 Husbandry
24:22 Bloodlines
25:11 Horse Collar
28:01 Town Watch
NOC | Running
14:58 Feudal Age
15:49 Double-Bit Axe
18:33 Castle Age
16:36 Fishing Lines
18:30 Gold Mining
19:45 Medium Warships
19:26 Fletching
19:48 Forging
20:04 Bow Saw
20:49 Loom
22:24 Gold Shaft Mining
21:43 Stone Mining
23:10 Stone Shaft Mining
22:38 Gillnets
23:32 Fletching
24:20 Bodkin Arrow
25:03 Padded Archer Armor
30:03 Imperial Age
29:32 Caravan
30:07 Bloodlines
29:58 Husbandry
NOC | Madtomski
4:27 Loom
14:54 Feudal Age
15:52 Double-Bit Axe
15:58 Fishing Lines
18:39 Castle Age
16:51 Gold Mining
17:21 Forging
19:38 Medium Warships
20:05 Iron Casting
20:39 Bow Saw
21:58 Wheelbarrow
21:08 Town Watch
22:15 Gillnets
23:46 Hand Cart
25:04 Scale Barding Armor
26:22 Chain Barding Armor
26:43 Sanctity
26:45 Redemption
27:36 Horse Collar
NOC | Terz
5:20 Loom
15:50 Feudal Age
20:01 Castle Age
18:03 Double-Bit Axe
19:13 Forging
21:04 Medium Warships
20:35 Fishing Lines
24:31 Iron Casting
24:32 Town Watch
27:25 Gold Mining
28:49 Scale Mail Armor
30:30 Chain Mail Armor
NOC | Annotoph
13:18 Feudal Age
12:47 Loom
16:56 Castle Age
15:22 Double-Bit Axe
16:52 Forging
18:14 Iron Casting
17:52 Medium Warships
19:58 Bow Saw
21:32 Fishing Lines
22:23 Gillnets
23:46 Stone Mining
26:55 Wheelbarrow
27:44 Caravan
30:53 Imperial Age
28:24 Gold Mining
29:34 Scale Mail Armor
Connection lost

Rejoining the realm…

Still unreachable

The connection could not be restored.

Session expired

The server has moved on; the page needs a fresh start.